 Dungeon Crawl Stone Soup version 0.30.0-29-ga12c61a403 (webtiles) character file.

Game seed: 17762135244973562282

39 Graphine the Sneak (level 3, -1/22 HPs)
             Began as a Kobold Brigand on June 14, 2023.
             Was a Believer of Zin.
             Slain by a goblin
             ... wielding a +0 club
             ... led by Robin
              (6 damage)
             ... on level 2 of the Dungeon.
             The game lasted 00:03:58 (1251 turns).

Graphine the Sneak (Kobold Brigand)                 Turns: 1251, Time: 00:03:59

Health: -1/22      AC:  3    Str:  8    XL:     3   Next: 67%
Magic:  3/3        EV: 15    Int: 12    God:    Zin [**....]
Gold:   88         SH:  0    Dex: 18    Spells: 2/2 levels left

rFire   . . .        a - +2 dagger
rCold   . . .        (no shield)
rNeg    . . .        b - +0 robe
rPois   .            (no helmet)
rElec   .            c - +0 cloak
rCorr   .            (no gloves)
SInv    .            (no boots)
Will    .....        (no amulet)
Stlth   ++++         (no ring)
HPRegen 0.23/turn    (no ring)
MPRegen 0.08/turn

%: no passive effects
@: no status effects
A: small, no large weapons, nightstalker 3
a: Renounce Religion, Recite, Vitalisation, Donate Gold


You were on level 2 of the Dungeon.
You worshipped Zin.
Zin was pleased with you.
You visited 1 branch of the dungeon, and saw 2 of its levels.

You collected 97 gold pieces.
You donated 9 gold pieces to Zin.

Inventory:

Hand Weapons
 a - a +2 dagger (weapon)
Missiles
 d - 9 poisoned darts (quivered)
 e - a curare-tipped dart
Armour
 b - a +0 robe (worn)
 c - a +0 cloak (worn)
Wands
 l - a wand of iceblast (9)
Scrolls
 g - a scroll of fear {unknown}
 h - a scroll of enchant weapon {unknown}
 j - a scroll of teleportation {unknown}
 k - a scroll of vulnerability {unknown}
Potions
 f - a potion of cancellation {unknown}
 i - a potion of ambrosia {unknown}


   Skills:
 + Level 2.6 Fighting
 - Level 2.6 Short Blades
 - Level 2.3 Throwing
 + Level 2.0 Dodging
 * Level 6.1 Stealth
 + Level 1.0 Invocations


You had 2 spell levels left.
You didn't know any spells.
Your spell library contained the following spells:

 Spells                   Type           Power      Damage    Failure   Level
 Chain Lightning          Conj/Air       0%         N/A       100%        9
 Fire Storm               Conj/Fire      0%         5d1       100%        9
 Shatter                  Erth           0%         3d5*      100%        9


Dungeon Overview and Level Annotations

Branches:
Dungeon (2/15)

Altars:
Zin

Annotations:
D:2 Robin


Innate Abilities, Weirdness & Mutations

You are small and have problems with some larger weapons.
You are completely attuned to the shadows.


Message History

You are too injured to fight recklessly!
Throw: 3 darts (curare)
Press: ? - help, Shift-Dir - straight line, f - hobgoblin
Aim: a hobgoblin (strong, 63% to hit)
Okay, then.
Aiming: Iceblast
Press: ? - help, Shift-Dir - straight line
Okay, then.
Okay, then.
Throw: 3 darts (curare)
Press: ? - help, Shift-Dir - straight line, f - Robin
Aim: Robin, wielding a +0 spear, wearing a +2 animal skin and wearing a +0 helmet (70% to hit)
You throw a curare-tipped dart.
The curare-tipped dart hits the hobgoblin.
The hobgoblin is poisoned.
The hobgoblin convulses.
The hobgoblin seems to slow down.
The hobgoblin is heavily wounded.
A goblin comes into view. It is wielding a +0 club.
Robin barely misses you.
You barely miss the hobgoblin.
The hobgoblin is heavily wounded.
You kill the hobgoblin!
Okay, then.
Throw: 2 darts (curare)
Press: ? - help, Shift-Dir - straight line, f/p - Robin
Aim: Robin, wielding a +0 spear, wearing a +2 animal skin and wearing a +0 helmet (70% to hit)
You throw a curare-tipped dart. The curare-tipped dart hits Robin.
Robin is poisoned.
Robin convulses.
Robin seems to slow down.
Robin is moderately wounded.
Robin hits you from afar with a +0 spear.
You hit the hobgoblin.
The hobgoblin is heavily wounded.
The hobgoblin barely misses you. Robin throws the goblin at you!
You barely miss the hobgoblin.
The hobgoblin is heavily wounded.
The hobgoblin hits you.
* * * LOW HITPOINT WARNING * * *
The goblin hits you with a +0 club.
You die...

#.......# #.........
#.......# #.........
#.......# #...g†...#
#.......# #........#
#.##.######...g#####
#........##.##.#
#...........g....
#........##g####.
#........##@#
#........##g#
#).......##.#
#.##### #[# #.# #.#
#.# #.# #.# #.#


You could see Robin (very poisoned, slow), a hobgoblin (strong) and a goblin
(strong).

Vanquished Creatures
  A dart slug (D:1)
  3 endoplasms
  A giant cockroach (D:2)
  3 goblins
  7 hobgoblins
  6 kobolds
  A quokka (D:1)
  5 ball pythons (D:1)
  2 bats (D:2)
  2 frilled lizards
  2 rats
33 creatures vanquished.

Notes
Turn   | Place    | Note
-------+----------+-------------------------------------------
     0 | D:1      | Graphine the Kobold Brigand began the quest for the Orb.
     0 | D:1      | Reached XP level 1. HP: 12/12 MP: 1/1
   264 | D:1      | Reached XP level 2. HP: 18/18 MP: 2/2
   351 | D:1      | Found a faded altar of an unknown god.
   355 | D:1      | Prayed at the altar of an unknown god.
   355 | D:1      | Became a worshipper of Zin the Law-Giver
   355 | D:1      | Reached * piety under Zin
   713 | D:1      | Reached ** piety under Zin
   750 | D:1      | Reached XP level 3. HP: 20/22 MP: 3/3
  1227 | D:2      | Reached skill level 6 in Stealth
  1227 | D:2      | Noticed Robin
  1242 | D:2      | Reached skill level 1 in Invocations
  1251 | D:2      | Slain by a goblin

Illustrated notes

Levels and vault maps discovered:
D:1:      dpeg_arrival_three_bigger_balls, layout_basic,
          ebering_ecumenical_altar_webs, chequers_serial_rivers_room_a
D:2:      layout_basic, uniq_robin, uniq_crazy_yiuf_cottage, uniq_jessica

Skill      XL: |  1  2  3 |
---------------+----------+-----
Stealth        | 6 |  6.1
Dodging        | 2 |  2.0
Invocations    | 1 |  1.0
Fighting       | |  2.6
Short Blades   | |  2.6
Throwing       | |  2.3

Action                     || total
---------------------------++-------
  Melee: Dagger            ||    93
  Throw: Dart              ||     2
   Stab: Sleeping          ||     8
 Armour: Robe              ||    32
  Dodge: Dodged            ||    72
